 Dungeon Crawl Stone Soup version 0.27-a0-1273-gec92ba881d (webtiles) character file.

Game seed: 16625114034035991784

8275 freelancePsychic the Archer (level 11, 0/81 HPs)
             Began as a Human Fighter on June 11, 2021.
             Was an Elder of Okawaru.
             Slain by a yak (12 damage)
             ... on level 1 of the Lair of Beasts.
             The game lasted 00:22:44 (13443 turns).

freelancePsychic the Archer (Human Fighter)        Turns: 13443, Time: 00:22:44

Health: 0/81       AC: 15    Str: 19    XL:     11   Next: 52%
Magic:  11/13      EV: 13    Int:  8    God:    Okawaru [****..]
Gold:   459        SH:  0    Dex: 14    Spells: 10/10 levels left

rFire    + . .     SeeInvis .   a - +2 shortbow (flame)
rCold    . . .     Faith    .   (shield currently unavailable)
rNeg     . . .     Spirit   .   f - +0 chain mail
rPois    .         Reflect  .   d - +0 helmet
rElec    .         Harm     .   n - +0 cloak
rCorr    +         Rampage  .   (no gloves)
Will     .....                  (no boots)
Stlth    ..........             (no amulet)
HPRegen  0.23/turn              o - ring of protection from fire
MPRegen  0.13/turn              E - ring of resist corrosion

@: heroic
A: no striking features
a: Renounce Religion, Heroism


You were on level 1 of the Lair of Beasts.
You worshipped Okawaru.
Okawaru was greatly pleased with you.
You visited 3 branches of the dungeon, and saw 12 of its levels.

You collected 459 gold pieces.

Inventory:

Hand Weapons
 a - a +2 shortbow of flaming (weapon)
 b - a +0 trident
 m - a +1 dagger of venom
Missiles
 j - 2 curare-tipped darts
 q - 21 sling bullets
 v - 174 arrows (quivered ammo)
Armour
 c - a +0 kite shield
 d - a +0 helmet (worn)
 f - a +0 chain mail (worn)
 g - a +1 pair of boots
 h - a +0 scale mail
 n - a +0 cloak (worn)
Jewellery
 l - an amulet of magic regeneration
 o - a ring of protection from fire (left hand)
 r - a +6 ring of intelligence
 s - a ring of wizardry
 x - a ring of fire
 E - a ring of resist corrosion (right hand)
 L - a ring of flight
Wands
 p - a wand of acid (22)
 t - a wand of flame (39)
 y - a wand of paralysis (21)
 G - a wand of mindburst (8)
 K - a wand of iceblast (7)
Scrolls
 e - 2 scrolls of fog
 u - 2 scrolls of magic mapping
 A - a scroll of summoning {unknown}
 C - a scroll of amnesia
 D - a scroll of holy word
 I - 3 scrolls of identify {@r1}
 J - a scroll of acquirement {unknown}
Potions
 i - 2 potions of berserk rage
 k - a potion of invisibility {unknown}
 w - 2 potions of lignification
 z - a potion of magic
 B - a potion of attraction
 H - a potion of haste {unknown}


   Skills:
 - Level 6.1(11.1) Fighting
 - Level 3.8(8.8) Polearms
 * Level 10.9(15.9) Bows
 + Level 6.5(11.5) Armour
 + Level 9.5(14.5) Dodging
 - Level 3.0(8.0) Shields
 - Level 3.3 Invocations


You had 10 spell levels left.
You didn't know any spells.
Your spell library contained the following spells:

 Spells                   Type           Power      Damage    Failure   Level
 Animate Skeleton         Necr           0%         N/A       97%         1
 Beastly Appendage        Tmut           0%         N/A       97%         1
 Pain                     Necr           0%         1d4       97%         1
 Summon Small Mammal      Summ           0%         N/A       97%         1
 Call Imp                 Summ           0%         N/A       99%         2
 Poisonous Vapours        Pois/Air       0%         N/A       99%         2
 Wereblood                Tmut           0%         N/A       99%         2
 Call Canine Familiar     Summ           0%         N/A       100%        3
 Conjure Flame            Conj/Fire      0%         6-21      100%        3
 Mephitic Cloud           Conj/Pois/Air  0%         N/A       100%        3
 Spider Form              Tmut/Pois      0%         N/A       100%        3
 Summon Guardian Golem    Hex/Summ       0%         N/A       100%        3
 Vampiric Draining        Necr           0%         2d6       100%        3
 Animate Dead             Necr           0%         N/A       100%        4
 Ice Form                 Ice/Tmut       0%         N/A       100%        4
 Summon Ice Beast         Ice/Summ       0%         N/A       100%        4
 Summon Lightning Spire   Summ/Air       0%         N/A       100%        4
 Agony                    Necr           0%         N/A       100%        5
 Freezing Cloud           Conj/Ice/Air   0%         6-21      100%        5


Dungeon Overview and Level Annotations

Branches:
Dungeon (10/15)            Temple (1/1) D:4            Lair (1/6) D:10
    Orc: D:9-12

Altars:
Ashenzari
Cheibriados
Dithmenos
Elyvilon
Fedhas
Gozag
Hepliaklqana
Kikubaaqudgha
Makhleb
Nemelex Xobeh
Okawaru
Qazlal
Ru
Sif Muna
Trog
Uskayaw
Vehumet
Wu Jian
Xom
Yredelemnul
Zin
The Shining One


Message History

The yak is severely wounded.
The yak gores you.
Fire: 179 arrows
Press: ? - help, Q - select action, (/) - cycle Shift-Dir - straight line, f/p - yak
Aim: a yak (severely wounded, 77% to hit)
You shoot an arrow. The arrow barely misses the yak.
The yak gores you but does no damage. The yak gores you.
Fire: 178 arrows
Press: ? - help, Q - select action, (/) - cycle Shift-Dir - straight line, f/p - yak
Aim: a yak (severely wounded, 77% to hit)
You shoot an arrow. The arrow hits the yak.
The arrow burns the yak.
The yak is lightly wounded.
Fire: 177 arrows
Press: ? - help, Q - select action, (/) - cycle Shift-Dir - straight line, f/p - yak
Aim: a yak (severely wounded, 77% to hit)
You shoot an arrow. The arrow hits the yak!
The arrow burns the yak.
The yak is almost dead.
Fire: 176 arrows
Press: ? - help, Q - select action, (/) - cycle Shift-Dir - straight line, f/p - yak
Aim: a yak (almost dead, 77% to hit)
You shoot an arrow. The arrow hits the yak.
The arrow burns the yak.
The yak is almost dead.
The yak gores you.
* * * LOW HITPOINT WARNING * * *
The yak closely misses you.
You gain the combat prowess of a mighty hero.
The yak gores you.
* * * LOW HITPOINT WARNING * * *
The yak gores you!
* * * LOW HITPOINT WARNING * * *
The yak gores you but does no damage.
Do you really want to go berserk while wielding your +2 shortbow of flaming?
Okay, then.
Fire: 175 arrows
Press: ? - help, Q - select action, (/) - cycle Shift-Dir - straight line, f/p - yak
Aim: a yak (almost dead, 80% to hit)
You shoot an arrow. The arrow hits the yak.
The arrow burns the yak.
The yak is moderately wounded.
The yak gores you!
You die...

...##.......#......>.
#..##.......##....P###.
#.?.........##.........
#..##.......#..........
#..##.......##<.P......
#..##........#..#......
+.....(...((((Y........
###..#.........#Y.........
.#...####...####@.#.###.P.
(....####P..####..........
..........................
..........................
..........................
#.........................
#.......##.####....#######
#........##.# #...##
+........# ..##...#


You could see 2 yaks.

Vanquished Creatures
  Pikel (D:9)
  A manticore (D:7)
  A black mamba (Lair:1)
  A cane toad (Lair:1)
  12 yaks
  A wyvern (D:10)
  Menkaure (D:4)
  A warg (D:10)
  An acid dragon (D:8)
  2 water moccasins
  3 orc warriors (D:10)
  A sky beast (D:5)
  A black bear (D:4)
  An ogre (D:6)
  A necrophage (D:6)
  2 hornet zombies
  7 centaurs
  A lemure (D:9)
  2 kobold brigands
  Blork the orc (D:5)
  3 bullfrogs
  3 scorpions
  2 wyvern zombies
  4 killer bees (D:9)
  A water moccasin skeleton (D:7)
  5 wights (D:6)
  3 electric eels (D:10)
  A howler monkey (D:8)
  A bullfrog zombie (D:7)
  4 centaur zombies
  3 jellies
  2 bullfrog skeletons (D:5)
  3 hounds (D:7)
  11 orc priests
  4 iguanas
  6 orc wizards
  2 howler monkey zombies
  Robin (D:2)
  4 adders
  2 howler monkey skeletons
  An adder skeleton (D:5)
  2 worms
  2 dart slugs
  16 orcs
  4 ball pythons (D:1)
  8 endoplasms
  4 giant cockroaches
  15 goblins
  13 hobgoblins
  15 jackals
  3 quokkas
  13 bats
  4 frilled lizards
  18 kobolds
  A rat (D:1)
226 creatures vanquished.

Vanquished Creatures (others)
  28 plants
28 creatures vanquished.

Grand Total: 254 creatures vanquished

Notes
Turn   | Place    | Note
-------+----------+-------------------------------------------
     0 | D:1      | freelancePsychic the Human Fighter began the quest for the
                  | Orb.
     0 | D:1      | Reached XP level 1. HP: 18/18 MP: 1/1
    97 | D:1      | Reached XP level 2. HP: 24/24 MP: 2/2
   369 | D:1      | Reached XP level 3. HP: 29/29 MP: 3/3
   987 | D:1      | You fall into a shaft and drop 1 floor!
  1089 | D:2      | Reached XP level 4. HP: 35/35 MP: 4/4
  1096 | D:2      | Noticed Robin
  1441 | D:2      | Found a glowing silver altar of Zin.
  1805 | D:2      | Killed Robin
  2702 | D:2      | Reached XP level 5. HP: 42/42 MP: 5/5
  3019 | D:3      | Found a basalt altar of Yredelemnul.
  3769 | D:3      | Found a faded altar of an unknown god.
  3942 | D:4      | Noticed a black bear
  3951 | D:4      | Killed a black bear
  3952 | D:4      | Reached skill level 5 in Fighting
  3952 | D:4      | Reached XP level 6. HP: 45/51 MP: 6/6
  4019 | D:4      | Found a staircase to the Ecumenical Temple.
  4028 | Temple   | Entered the Ecumenical Temple
  4046 | Temple   | Became a worshipper of Warmaster Okawaru
  4083 | Temple   | Reached skill level 1 in Dodging
  4543 | D:4      | Noticed Menkaure
  4629 | D:4      | Killed Menkaure
  4630 | D:4      | Reached skill level 1 in Bows
  4630 | D:4      | Reached XP level 7. HP: 22/58 MP: 7/7
  5127 | D:4      | Reached * piety under Okawaru
  5197 | D:4      | Found a hide-covered altar of Uskayaw.
  5431 | D:4      | Reached skill level 2 in Bows
  5646 | D:4      | Found a snail-covered altar of Cheibriados.
  5804 | D:5      | Entered Level 5 of the Dungeon
  5822 | D:5      | Noticed Blork the orc
  5836 | D:5      | Killed Blork the orc
  5837 | D:5      | Reached skill level 1 in Invocations
  5865 | D:5      | Noticed a water moccasin
  5879 | D:5      | Killed a water moccasin
  5964 | D:5      | Reached XP level 8. HP: 64/64 MP: 9/9
  5988 | D:5      | Reached skill level 3 in Bows
  6037 | D:5      | Found a sparkling altar of Nemelex Xobeh.
  6735 | D:6      | Reached ** piety under Okawaru
  6736 | D:6      | Reached skill level 4 in Bows
  7227 | D:6      | Reached skill level 5 in Dodging
  7268 | D:6      | Reached skill level 5 in Bows
  7268 | D:6      | Reached XP level 9. HP: 69/69 MP: 11/11
  7798 | D:6      | Found a shadowy altar of Dithmenos.
  8143 | D:7      | Reached skill level 6 in Bows
  8564 | D:7      | Noticed a manticore
  8590 | D:7      | Killed a manticore
  8590 | D:7      | Reached *** piety under Okawaru
  8591 | D:7      | Reached skill level 7 in Bows
  9167 | D:7      | Found a hazy altar of Hepliaklqana.
  9409 | D:8      | Reached XP level 10. HP: 62/76 MP: 12/12
 10098 | D:8      | Reached skill level 8 in Bows
 10469 | D:8      | Received a gift from Okawaru
 11404 | D:9      | Reached **** piety under Okawaru
 11417 | D:9      | Reached skill level 9 in Bows
 11566 | D:9      | Reached skill level 5 in Armour
 12019 | D:9      | Noticed Pikel
 12052 | D:9      | Killed Pikel
 12052 | D:9      | Received a gift from Okawaru
 12053 | D:9      | Reached XP level 11. HP: 81/81 MP: 10/13
 12394 | D:10     | Entered Level 10 of the Dungeon
 12403 | D:10     | Reached skill level 10 in Bows
 13055 | D:10     | Found a staircase to the Lair.
 13090 | D:10     | Received a gift from Okawaru
 13207 | Lair:1   | Entered Level 1 of the Lair of Beasts
 13215 | Lair:1   | Received a gift from Okawaru
 13443 | Lair:1   | Slain by a yak

Illustrated notes

Levels and vault maps discovered:
D:1:      dpeg_arrival_castle, layout_basic, palyth_stone_intersect, minivault_5
D:2:      layout_basic, basic_altar, uniq_robin
D:3:      layout_basic, yredelemnul_altar_generic,
          hellmonk_ecumenical_altar_leap_of_faith, st_stairs_8,
          hangedman_decor_push
D:4:      layout_basic, marbit_many_paths, nicolae_uskayaw_suspiria,
          minmay_temple_entry_drinking_statues, uniq_menkaure
D:5:      layout_gridville, nemelex_xobeh_ov_fountains_minmay,
          columned_hall_lemuel, amethyst_killhole, uniq_blork_the_orc
D:6:      layout_cave_pods, lemuel_tele_altar
D:7:      minmay_chambers_of_sixes, layout_loops_ring, kennysheep_mini
D:8:      layout_basic
D:9:      layout_rooms, st_stairs_6, uniq_pikel
D:10:     minmay_sliced_demisemicircle, layout_loops_ring,
          erik_lair_orcish_takeover, serial_bayou, serial_bayou_lagoon_b,
          serial_bayou_pond_b, serial_bayou_pond_b, serial_bayou_ford_a
Temple:   lightli_temple_of_artemis
Lair:1:   minmay_lair_oklob_tunnel, layout_regular_city,
          ebering_ghost_funeral_grove

Skill      XL: |  1  2  3  4  5  6  7  8  9 10 11 |
---------------+----------------------------------+-----
Polearms       | 3 |  3.8
Fighting       | 4 5 6 |  6.1
Dodging        | 2 3 5 7 8 9 |  9.5
Bows           | 1 2 5 7 9 10 | 10.9
Invocations    | 2 3 |  3.3
Armour         | 5 6 |  6.5
Shields        | |  3.0

Action                   |  1- 3 |  4- 6 |  7- 9 | 10-12 || total
-------------------------+-------+-------+-------+-------++-------
Melee: Trident           |    89 |    14 |    31 |       ||   134
       Shortbow          |       |       |       |     2 ||     2
 Fire: Hunting sling     |    23 |   239 |   104 |       ||   366
       Shortbow          |       |       |   165 |   346 ||   511
Throw: Dart              |       |       |    10 |       ||    10
Invok: Heroism           |       |       |     2 |     9 ||    11
Evoke: Wand              |       |       |       |     2 ||     2
  Use: Scroll            |       |     5 |     2 |     8 ||    15
       Potion            |       |     6 |     1 |     2 ||     9
Armor: Scale mail        |    47 |       |       |       ||    47
       Chain mail        |     6 |   175 |    98 |    81 ||   360
Dodge: Dodged            |    33 |    54 |    70 |    82 ||   239
Block: Kite shield       |    65 |   124 |    60 |       ||   249

Table legend: (Time is in decaauts)
 A = Elapsed time spent in this place.
 B = Non-inter-level travel time spent in this place.
 C = Inter-level travel time spent in this place.
 D = Time resting spent in this place.
 E = Time spent auto-exploring this place.
 F = Levels seen in this place.
 G = Mean time per level.
                   A        B        C        D        E       F      G
               +--------+--------+--------+--------+--------+-----+--------+
         Total |  13619 |  13138 |    481 |   1709 |   9385 |  12 | 1134.9 |
       Dungeon |  13069 |  12623 |    446 |   1709 |   8970 |  10 | 1306.9 |
        Temple |    326 |    291 |     35 |      0 |    246 |   1 |  326.0 |
          Lair |    222 |    222 |      0 |      0 |    169 |   1 |  222.0 |
               +--------+--------+--------+--------+--------+-----+--------+

Top non-repeatable levels by time:
     D:7: 1632 daAuts
     D:4: 1605 daAuts
     D:1: 1593 daAuts
     D:8: 1566 daAuts
     D:2: 1377 daAuts
     D:6: 1310 daAuts
     D:9: 1143 daAuts
     D:3: 1091 daAuts
     D:5: 944 daAuts
    D:10: 804 daAuts
  Temple: 326 daAuts
  Lair:1: 222 daAuts
